 Dungeon Crawl Stone Soup version 0.21.1-1-g345015fe64 (webtiles) character file.

105 RepoMan the Skirmisher (level 4, -3/37 HPs)
             Began as a Ghoul Warper on July 6, 2018.
             Slain by a gnoll
             ... wielding a +0 spear
              (9 damage)
             ... on level 3 of the Dungeon.
             The game lasted 00:08:05 (1113 turns).

RepoMan the Skirmisher (Ghoul Warper)               Turns: 1113, Time: 00:08:05

Health: -3/37      AC:  3    Str: 15    XL:     4   Next: 81%
Magic:  6/6        EV: 12    Int:  8    God:
Gold:   65         SH:  0    Dex:  8    Spells: 5/7 levels left

rFire    . . .     SeeInvis .   a - +0 falchion
rCold    + . .     Gourm    .   (no shield)
rNeg     + + +     Faith    .   b - +0 leather armour
rPois    ∞         Spirit   .   (no helmet)
rElec    .         Reflect  .   (no cloak)
rCorr    .         Harm     .   (no gloves)
MR       .....                  (no boots)
Stlth    +.........             (no amulet)
HPRegen  0.00/turn              (no ring)
MPRegen  0.10/turn              (no ring)

@: rotting
A: rotting body, claws 1, carnivore, cold resistance 1, negative energy
resistance 3, inhibited regeneration, torment resistance, unbreathing
a: no special abilities


You were on level 3 of the Dungeon.
You were not hungry.

You visited 1 branch of the dungeon, and saw 3 of its levels.

You collected 65 gold pieces.

Inventory:

Hand Weapons
 a - a +0 falchion (weapon)
Missiles
 e - 5 tomahawks of dispersal (quivered)
Armour
 b - a +0 leather armour (worn)
Scrolls
 d - a scroll of blinking
 j - a scroll of random uselessness {unknown}
 k - 2 scrolls of enchant armour {unknown}
 n - 2 scrolls of teleportation {unknown}
 o - 3 scrolls of identify {unknown}
 p - 2 scrolls of fog {unknown}
Potions
 g - a potion of resistance {unknown}
 i - a potion of curing {unknown}
 l - a potion of invisibility {unknown}
 m - 3 potions of heal wounds {unknown}
 q - 3 potions of agility {unknown}
Books
 c - a book of Spatial Translocations

   Spells                             Type                      Level
   a - Blink                          Translocation                2
   b - Shroud of Golubria             Charms/Translocation         2
   c - Lesser Beckoning               Translocation                3
   d - Gell's Gravitas                Translocation                3
   e - Teleport Other                 Translocation                3
   f - Passage of Golubria            Translocation                4
Comestibles
 f - a ration


   Skills:
 + Level 2.9 Fighting
 * Level 2.8 Long Blades
 - Level 0.8 Throwing
 + Level 1.6 Armour
 + Level 2.3 Dodging
 + Level 2.2 Spellcasting
 + Level 2.8 Translocations


You had 5 spell levels left.
You knew the following spells:

 Your Spells              Type           Power        Failure   Level  Hunger
b - Blink                 Tloc           N/A          21%         2    ###....


Dungeon Overview and Level Annotations

Branches:
Dungeon (3/15)

Altars:
Yredelemnul


Innate Abilities, Weirdness & Mutations

Your body is rotting away.
You thrive on raw meat.
You are immune to poison.
You have sharp fingernails.
You are carnivorous and can eat meat at any time.
Your flesh is cold resistant. (rC+)
You are immune to negative energy. (rN+++)
You do not regenerate when monsters are visible.
You are immune to unholy pain and torment.
You can survive without breathing.


Message History

Eat a chunk of flesh? (ye/n/q)
You eat the chunk of flesh.
This raw flesh tastes great!
The goblin closely misses you.
The hobgoblin hits you but does no damage.
You closely miss the hobgoblin. The goblin hits you with a dagger.
The hobgoblin closely misses you. The gnoll closely misses you.
The worm closely misses you. The goblin hits you but does no damage.
You hit the hobgoblin.
The hobgoblin is almost dead.
The hobgoblin hits you. The gnoll closely misses you.
The goblin hits you with a dagger. The hobgoblin closely misses you.
You hit the hobgoblin.
You kill the hobgoblin!
The gnoll hits you from afar with a spear.
The worm bites you!
* * * LOW HITPOINT WARNING * * *
You barely miss the worm.
The gnoll hits you from afar with a spear!
You die...

..# #...
#.##<.. #.....#
##.... .
#..#[#.###
#.##.#...#.#
##..........#
###..†#g###..##
#.<))@wg#
#.......####
##....#.#
.........#
..##..##### .
#.. .... .##.


You could see a worm, a gnoll and a goblin.

Vanquished Creatures
  3 gnolls (D:3)
  An adder (D:2)
  A worm (D:2)
  5 dart slugs
  2 orcs
  3 bats
  6 giant cockroaches
  2 gnoll zombies (D:2)
  5 goblins
  8 hobgoblins
  4 kobolds
  A quokka (D:2)
  2 frilled lizards
  7 rats
50 creatures vanquished.

Notes
Turn   | Place    | Note
-------+----------+-------------------------------------------
     0 | D:1      | RepoMan the Ghoul Warper began the quest for the Orb.
     0 | D:1      | Reached XP level 1. HP: 17/17 MP: 2/2
    52 | D:1      | Reached skill level 1 in Armour
    66 | D:1      | Reached XP level 2. HP: 23/25 MP: 3/3
   215 | D:1      | Learned a level 2 spell: Blink
   228 | D:1      | Reached XP level 3. HP: 21/30 MP: 5/5
   766 | D:2      | Reached XP level 4. HP: 31/37 MP: 6/6
   930 | D:2      | Found a basalt altar of Yredelemnul.
  1113 | D:3      | Slain by a gnoll

Skill      XL: |  1  2 |
---------------+-------+-----
Armour         | 1 |  1.6
Long Blades    | 2 |  2.8
Dodging        | 2 |  2.3
Spellcasting   | 2 |  2.2
Fighting       | |  2.9
Throwing       | |  0.8
Translocations | |  2.8

Action                   |  1- 3 |  4- 6 || total
-------------------------+-------+-------++-------
Melee: Falchion          |   100 |    57 ||   157
  Eat: Chunk             |    18 |    19 ||    37
Armor: Leather armour    |    24 |    10 ||    34
Dodge: Dodged            |    68 |    48 ||   116
       Rpst.: Falchion   |    21 |    14 ||    35
